 Dungeon Crawl Stone Soup version 0.32-a0-42-ga30500b4d3 (webtiles) character file.

Game seed: 5365019250453388217

95731 cforsyth the Warrior (level 16, -1/135 HPs)
             Began as a Djinni Warper on Feb 1, 2024.
             Was the Champion of the Shining One.
             Shot with a bolt by a yaktaur (25 damage)
             ... on level 15 of the Dungeon on Feb 2, 2024.
             The game lasted 00:57:19 (26684 turns).

cforsyth the Warrior (Djinni Warper)               Turns: 26684, Time: 00:57:19

Health: -1/135     AC: 12    Str: 10    XL:     16   Next: 64%
Gold:   1770       EV: 16    Int: 23    God:    the Shining One [******] SH:  5 Dex: 18

rFire   + + .        X - staff of Soft Fortitude {rElec Int+2 Dex+3 Air}
rCold   . . .        (no shield)
rNeg    + + +        I - +0 troll leather armour
rPois   ∞            J - +2 helmet
rElec   +            A - +0 cloak
rCorr   .            i - +0 pair of gloves
SInv    .            (boots unavailable)
Will    +....        m - amulet of reflection
Stlth   +            G - +4 ring of protection
HPRegen 1.22/turn    M - ring of protection from cold
MPRegen 0.00/turn

%: reflection, infuse magic (-2 HP)
@: about to teleport, flying, glowing, studying Shields
A: sickness immunity, fire resistance 2, cold vulnerability 1, float, innate
caster, HP casting, extra vitality 1
a: Renounce Religion, Divine Shield, Cleansing Flame, Summon Divine Warrior,
Brand Weapon With Holy Wrath


You were on level 15 of the Dungeon.
You worshipped the Shining One.
The Shining One was exalted by your worship.
You visited 4 branches of the dungeon, and saw 23 of its levels.
You also visited: Ossuary, Gauntlet and Volcano.

You collected 2452 gold pieces.
You spent 682 gold pieces at shops.

Inventory:

Hand Weapons
 H - a +4 falchion of freezing
 N - the +2 flail "Pyashreoth" {freeze, rC+}
   (You found it on level 4 of the Lair of Beasts)

   rC+:       It protects you from cold.
 V - the +7 morningstar of Infection {holy, Str+5 Dex+2}
   (You found it in a Gauntlet)

   Str+5:     It affects your strength (+5).
   Dex+2:     It affects your dexterity (+2).
Missiles
 b - 4 datura-tipped darts
 h - 25 poisoned darts
 j - 2 curare-tipped darts
Armour
 i - a +0 pair of gloves (worn)
 A - a +0 cloak (worn)
 I - a +0 troll leather armour (worn)
 J - a +2 helmet (worn)
 K - the +1 leather armour of Surprise {Will+}
   (You bought it in a shop on level 1 of the Dungeon)

   Will+:     It increases your willpower.
 L - a +0 helmet of intelligence
Magical Staves
 X - the staff of Soft Fortitude (weapon) {rElec Int+2 Dex+3 Air}
   (You found it on level 5 of the Lair of Beasts)

   [staff of air]

   Base accuracy: +5 Base damage: 5 Base attack delay: 1.2 This weapon's minimum
   attack delay (0.6) is reached at skill level 12.
   Int+2:     It affects your intelligence (+2).
   Dex+3:     It affects your dexterity (+3).
   rElec:     It insulates you from electricity.
   Air:       It increases the power of your Air spells.
   It falls into the 'Staves' category.
   It is a one-handed weapon.
Jewellery
 m - an amulet of reflection (around neck)
 G - a +4 ring of protection (left hand)
 M - a ring of protection from cold (right hand)
 O - the ring of the Mage {Wiz Archmagi}
   (You found it in a Gauntlet)

   [ring of wizardry]

   Wiz:       It improves your spell success rate.
   Archmagi:  It increases the power of your magical spells.
 P - a ring of wizardry
 Q - the ring "Petriz" {rElec rPois rC- rN+ rCorr}
   (You found it in a Gauntlet)

   [ring of resist corrosion]

   rC-:       It makes you vulnerable to cold.
   rElec:     It insulates you from electricity.
   rPois:     It protects you from poison rN+: It protects you from negative
   energy.
   rCorr:     It protects you from acid and corrosion.
 Z - a +6 ring of dexterity
Wands
 e - a wand of mindburst (7)
 n - a wand of polymorph (26)
 p - a wand of digging (16)
 y - a wand of flame (54)
 E - a wand of iceblast (32)
 F - a wand of light (19)
 W - a wand of charming (10)
Scrolls
 a - a scroll of fog
 c - 5 scrolls of blinking
 d - 7 scrolls of immolation
 l - 6 scrolls of revelation
 r - 2 scrolls of poison
 t - 5 scrolls of enchant armour
 w - 7 scrolls of teleportation
 B - 5 scrolls of fear
 D - 3 scrolls of enchant weapon
 T - 2 scrolls of vulnerability
 Y - 3 scrolls of identify
Potions
 f - 4 potions of heal wounds
 g - 5 potions of enlightenment
 k - a potion of mutation
 o - 5 potions of haste
 q - 3 potions of might
 s - 8 potions of curing
 u - 2 potions of attraction
 x - 3 potions of cancellation
 z - 5 potions of lignification
 C - a potion of ambrosia
 S - a potion of brilliance
Miscellaneous
 R - a lightning rod (4/4)
 U - a phial of floods


   Skills:
 - Level 19.2 Fighting
 - Level 1.7 Long Blades
 - Level 0.7 Throwing
 - Level 1.0 Armour
 + Level 8.0 Dodging
 + Level 15.8 Spellcasting
 + Level 15.8 Conjurations
 + Level 15.8 Hexes
   Level 0.0 Charms
 + Level 15.8 Summonings
 + Level 15.8 Necromancy
 + Level 15.8 Translocations
   Level 0.0 Transmutations
 + Level 15.8 Fire Magic
 + Level 15.8 Ice Magic
 + Level 15.8 Air Magic
 + Level 15.8 Earth Magic
 + Level 15.8 Alchemy


You knew the following spells:

 Your Spells              Type           Power      Damage    Failure   Level
a - Blink                 Tloc           100%       N/A       0%          2
b - Lesser Beckoning      Tloc           100%       N/A       0%          2
c - Teleport Other        Tloc           74%        N/A       1%          3
d - Manifold Assault      Tloc           74%        N/A       1%          4
e - Vhi's Electric Charg  Tloc/Air       100%       N/A       1%          4
f - Foxfire               Conj/Fire      100%       2x1d9     0%          1
g - Searing Ray           Conj           100%       2d8       0%          2
h - Stone Arrow           Conj/Erth      100%       3d13      1%          3
i - Ignite Poison         Fire/Alch      74%        N/A       1%          4
j - Yara's Violent Unrav  Hex/Alch       37%        3d15      1%          5
k - Irradiate             Conj/Alch      37%        3d24      1%          5
l - Death Channel         Necr           37%        N/A       1%          6
Your spell library was empty.

Dungeon Overview and Level Annotations

Branches:
Dungeon (15/15)            Temple (1/1) D:6            Lair (5/5) D:10
  Swamp (0/4) Lair:2       Spider (0/4) Lair:2        Slime (0/5) Lair:5
    Orc (2/2) D:12            Elf (0/3) Orc:2        Vaults (0/5) D:13
Ossuary (visited)         Volcano (visited)         Gauntlet (visited)
 Depths: D:15

Altars:
Ashenzari
Cheibriados
Dithmenos
Elyvilon
Fedhas
Gozag
Hepliaklqana
Makhleb
Nemelex Xobeh
Okawaru
Qazlal
Ru
Trog
Uskayaw
Wu Jian
Xom
Yredelemnul
Zin
The Shining One
Jiyva

Shops:
D:1 [[![=   D:10 =   Orc:2 ([=(

Annotations:
D:7 2 transporters, IdlyInterested's ghost, novice DsFi
Lair:3 3 runed translucent doors, Sitazake's ghost, journeyman TrWr


Innate Abilities, Weirdness & Mutations

You are immune to sickness and miasma.
You are immune to poison.
Your flesh is very heat resistant. (rF++)
You are vulnerable to cold. (rC-)
You float through the air rather than walking.
You learn spells naturally, not from books.
Your magical power is your life essence.
You have superior vitality. (+4 MHP)


Message History

The stone arrow hits the yaktaur.
The yaktaur is lightly wounded.
The yaktaur unwields a +0 arbalest.
The yaktaur barely misses you.
A yaktaur comes into view.
The yaktaur wields a +0 arbalest.
The yaktaur shoots a bolt.
The bolt closely misses you.
The yaktaur shouts!
The stone arrow hits the yaktaur!
The yaktaur is moderately wounded.
The yaktaur shoots a bolt.
The bolt hits you!
The yaktaur hits you but does no damage.
The yaktaur wields a +0 arbalest.
The yaktaur shoots a bolt.
The bolt hits you!!
The yaktaur wields a +0 arbalest.
The yaktaur shoots a bolt.
The bolt hits you!
The stone arrow hits the yaktaur!
The yaktaur is heavily wounded.
The yaktaur shoots a bolt.
The bolt barely misses you.
The yaktaur shoots a bolt.
The bolt hits you!
The yaktaur wields a +0 arbalest.
The yaktaur shoots a bolt.
You block the bolt with an invisible shield... and reflect it back!
The bolt hits the yaktaur!!
The stone arrow hits the yaktaur!!
You kill the yaktaur!
The yaktaur shoots a bolt.
The bolt barely misses you.
The yaktaur shoots a bolt.
The bolt hits you!!
You are too injured to fight recklessly!
You are too injured to fight recklessly!
The yaktaur shoots a bolt.
The bolt completely misses you.
As you read the scroll of teleportation, it crumbles to dust.
You feel strangely unstable.
The yaktaur shoots a bolt.
The bolt closely misses you.
The yaktaur enters a dispersal trap!
The yaktaur blinks!
You blink.
The yaktaur blinks!
The yaktaur shoots a bolt.
You block the bolt with an invisible shield... and reflect it back!
The bolt hits the yaktaur!
The yaktaur shoots a bolt.
The bolt hits you!
* * * LOW HITPOINT WARNING * * *
The yaktaur shoots a bolt.
The bolt hits you!
* * * LOW HITPOINT WARNING * * *
The yaktaur shoots a bolt.
The bolt hits you!!
You die...

...# #..### ..#
#..# #..# #..#
###..# ###.c)c#
###......# .
.##.......## .
.......@.#..# .
....§.^...#..#
..§c.......#...
..../.....###...
..........# #..
## ..........# .
.## ..........#
..# .§......###
...


You could see 3 yaktaurs.

Vanquished Creatures
  Frances (D:13)
  Kirke (D:13)
  A fire giant (D:13)
  A minotaur (Gauntlet)
  Erolcha (Orc:1)
  2 ogre magi (D:15)
  Erica (D:10)
  2 centaur warriors
  5 hydras
  4 boulder beetles
  A dancing weapon (Volcano)
  7 two-headed ogres
  4 tengu warriors
  3 orc high priests (Orc:2)
  2 thrashing horrors (Gauntlet)
  Nergalle (Orc:1)
  Urug (Lair:4)
  2 occultists (Volcano)
  A skeletal warrior (D:15)
  A lindwurm (Lair:4)
  4 orc knights (Orc:2)
  Pikel (D:6)
  An oklob plant (Lair:2)
  10 ugly things
  3 cyclopes
  2 manticores
  2 deep elf pyromancers
  7 orc sorcerers
  3 kobold blastminers (Orc:2)
  5 toenail golems (Volcano)
  3 black mambas
  3 elephants (Lair:5)
  An eye of devastation (Lair:5)
  5 gargoyles
  18 cane toads
  A smoke demon (Gauntlet)
  3 kobold demonologists
  15 komodo dragons
  Jeremiah (D:6)
  4 rime drakes
  An unseen horror (D:10)
  5 yaktaurs (D:15)
  A freezing wraith (D:9)
  A tengu conjurer (D:14)
  A red devil (Gauntlet)
  8 trolls
  4 polar bears
  A glass eye (Lair:5)
  8 hornets
  5 dream sheep (Lair:5)
  12 blink frogs
  A snapping turtle (shapeshifter) (D:14)
  A culicivora (Lair:2)
  8 slime creatures
  A jumping spider (Lair:2)
  Sigmund (D:3)
  A centaur simulacrum (Gauntlet)
  11 spriggans
  A shadow (D:13)
  A fire elemental (D:11)
  52 yaks
  2 wraiths (D:12)
  A hog (shapeshifter) (D:14)
  5 humans (Volcano)
  8 wyverns
  A basilisk (Lair:5)
  7 fire bats
  3 hogs (D:13)
  2 wargs (Orc:2)
  3 vampire mosquitoes (D:12)
  A steam dragon (D:6)
  2 swamp worms (Lair:2)
  Menkaure (D:4)
  A hell hound (D:11)
  An acid dragon (D:8)
  13 water moccasins
  14 orc warriors
  An ice beast (D:6)
  3 black bears (Lair:5)
  A sky beast (D:6)
  9 ogres
  3 small abominations (Gauntlet)
  5 boggarts
  2 laughing skulls (D:13)
  33 wolves
  7 centaurs
  4 lemures (D:6)
  2 kobold brigands
  A gnoll sergeant (D:9)
  13 bullfrogs
  3 elf skeletons (D:4)
  11 scorpions
  13 wights
  A hornet simulacrum (Gauntlet)
  11 killer bees
  6 howler monkeys
  2 electric eels (Lair:2)
  A centaur zombie (Ossuary)
  3 crimson imps (Gauntlet)
  4 jellies
  2 lava snakes (D:11)
  8 hounds
  3 human zombies
  2 bombardier beetles
  23 orc priests
  An iguana (D:7)
  6 scorpion zombies (Ossuary)
  31 orc wizards
  2 boggart simulacra (Gauntlet)
  3 mummies (Ossuary)
  10 adders
  5 gnolls
  A shadow imp (D:8)
  5 white imps
  An ufetubus (D:6)
  2 adder zombies (Ossuary)
  2 dart slugs
  4 ribbon worms
  63 orcs
  3 endoplasms
  3 giant cockroaches
  7 gnoll zombies (Ossuary)
  3 goblins
  3 hobgoblins
  3 jackals (D:3)
  3 quokkas (D:4)
  7 ball pythons
  6 ball python zombies (Ossuary)
  3 bats
  A frilled lizard (D:1)
  A jackal zombie (Ossuary)
  7 kobolds
  An orc skeleton (D:4)
  An orc zombie (D:4)
  4 rats
693 creatures vanquished.

Vanquished Creatures (collateral kills)
  A foxfire (D:8)
1 creature vanquished.

Vanquished Creatures (others)
  A two-headed ogre (D:15)
  An ogre (D:15)
  An orc (Orc:1)
  1297 foxfires
1300 creatures vanquished.

Grand Total: 1994 creatures vanquished

Notes
Turn   | Place    | Note
-------+----------+-------------------------------------------
     0 | D:1      | cforsyth the Djinni Warper began the quest for the Orb.
     0 | D:1      | cforsyth set off with the following spells memorised:
                  | Blink, Lesser Beckoning, Teleport Other, Manifold Assault,
                  | Vhi's Electric Charge.
     0 | D:1      | Reached XP level 1. HP: 18/18 MP: 0/0
   100 | D:1      | Found Qiruatzu's Antique Armour Shoppe.
   163 | D:1      | Reached XP level 2. HP: 23/23 MP: 0/0
   329 | D:1      | Reached XP level 3. HP: 29/29 MP: 0/0
   329 | D:1      | Learned a level 1 spell: Foxfire
   355 | D:1      | Found Ivuot's Jewellery Boutique.
   487 | D:1      | Found Larahe Jiak's Distillery.
   503 | D:1      | Bought a potion of curing for 33 gold pieces
   589 | D:1      | Found Tuebal's Antique Armour Boutique.
   603 | D:1      | Found Voycofri's Armour Shop.
  1209 | D:2      | You are sucked into a shaft and drop 1 floor!
  1217 | D:3      | Noticed Sigmund
  1227 | D:3      | HP: 1/29 [Sigmund/magic dart (9)]
  1345 | D:3      | Killed Sigmund
  1346 | D:3      | Reached skill level 4 in Fighting
  1346 | D:3      | Reached XP level 4. HP: 30/37 MP: 0/0
  1346 | D:3      | Reached XP level 5. HP: 34/41 MP: 0/0
  1346 | D:3      | Learned a level 2 spell: Searing Ray
  1346 | D:3      | Reached XP level 6. HP: 39/47 MP: 0/0
  2122 | D:2      | Found a faded altar of an unknown god.
  2894 | D:4      | Found a sand-covered staircase.
  2904 | Ossuary  | Entered an ossuary
  2923 | Ossuary  | Reached skill level 5 in Fighting
  2945 | Ossuary  | Reached XP level 7. HP: 44/54 MP: 0/0
  2945 | Ossuary  | Learned a level 3 spell: Stone Arrow
  3135 | Ossuary  | Reached skill level 5 in Spellcasting
  3135 | Ossuary  | Reached skill level 5 in Conjurations
  3135 | Ossuary  | Reached skill level 5 in Hexes
  3135 | Ossuary  | Reached skill level 5 in Summonings
  3135 | Ossuary  | Reached skill level 5 in Necromancy
  3135 | Ossuary  | Reached skill level 5 in Translocations
  3135 | Ossuary  | Reached skill level 5 in Fire Magic
  3135 | Ossuary  | Reached skill level 5 in Ice Magic
  3135 | Ossuary  | Reached skill level 5 in Air Magic
  3135 | Ossuary  | Reached skill level 5 in Earth Magic
  3135 | Ossuary  | Reached skill level 5 in Alchemy
  3407 | Ossuary  | Reached skill level 6 in Fighting
  3432 | Ossuary  | Reached XP level 8. HP: 22/61 MP: 0/0
  3982 | Ossuary  | Reached skill level 7 in Fighting
  4331 | D:4      | Found a bloodstained altar of Trog.
  4519 | D:4      | Reached XP level 9. HP: 37/70 MP: 0/0
  4519 | D:4      | Learned a level 4 spell: Ignite Poison
  4526 | D:4      | Reached skill level 8 in Fighting
  4736 | D:4      | Noticed Menkaure
  4741 | D:4      | Killed Menkaure
  5421 | D:4      | Found an opulent altar of Gozag.
  5440 | D:4      | Found a snail-covered altar of Cheibriados.
  5587 | D:5      | Entered Level 5 of the Dungeon
  6763 | D:6      | Reached skill level 9 in Fighting
  6878 | D:6      | Found a staircase to the Ecumenical Temple.
  6888 | D:6      | Noticed Pikel
  6918 | D:6      | Killed Pikel
  6919 | D:6      | Reached XP level 10. HP: 41/79 MP: 0/0
  7136 | Temple   | Entered the Ecumenical Temple
  7153 | Temple   | Became a worshipper of the Shining One
  7454 | D:6      | Reached skill level 10 in Fighting
  7600 | D:6      | Noticed Jeremiah
  7761 | D:6      | Noticed a kobold demonologist
  7998 | D:6      | Killed a kobold demonologist
  8195 | D:6      | Killed Jeremiah
  8519 | D:7      | Found a basalt altar of Yredelemnul.
  8550 | D:7      | Reached skill level 11 in Fighting
  8726 | D:7      | Found a transporter.
  8730 | D:7      | Noticed IdlyInterested's ghost (novice DsFi)
  8730 | D:7      | Noticed a moth of wrath
  8730 | D:7      | Reached * piety under the Shining One
  9063 | D:7      | Found a transporter.
 10031 | D:8      | Reached XP level 11. HP: 81/87 MP: 0/0
 10031 | D:8      | Learned a level 5 spell: Yara's Violent Unravelling
 10330 | D:8      | Reached ** piety under the Shining One
 10514 | D:9      | Reached skill level 12 in Fighting
 10709 | D:9      | Found a sparkling altar of Nemelex Xobeh.
 11008 | D:9      | Reached *** piety under the Shining One
 11015 | D:9      | Reached skill level 10 in Spellcasting
 11015 | D:9      | Reached skill level 10 in Conjurations
 11015 | D:9      | Reached skill level 10 in Hexes
 11015 | D:9      | Reached skill level 10 in Summonings
 11015 | D:9      | Reached skill level 10 in Necromancy
 11015 | D:9      | Reached skill level 10 in Translocations
 11015 | D:9      | Reached skill level 10 in Fire Magic
 11015 | D:9      | Reached skill level 10 in Ice Magic
 11015 | D:9      | Reached skill level 10 in Air Magic
 11015 | D:9      | Reached skill level 10 in Earth Magic
 11015 | D:9      | Reached skill level 10 in Alchemy
 11156 | D:9      | Noticed a green ugly thing
 11164 | D:9      | Killed a green ugly thing
 11200 | D:9      | Reached skill level 13 in Fighting
 11488 | D:1      | Bought a scorched leather armour for 231 gold pieces
 11488 | D:1      | Identified the +1 leather armour of Surprise {Will+} (You
                  | bought it in a shop on level 1 of the Dungeon)
 11488 | D:1      | Bought a glowing helmet for 247 gold pieces
 11658 | D:10     | Entered Level 10 of the Dungeon
 11752 | D:10     | Found a staircase to the Lair.
 11762 | D:10     | Noticed a two-headed ogre
 11767 | D:10     | Killed a two-headed ogre
 11768 | D:10     | Reached XP level 12. HP: 90/98 MP: 0/0
 11850 | D:10     | Found Efixako's Jewellery Shop.
 12128 | D:10     | Noticed Erica
 12133 | D:10     | Killed Erica
 12386 | D:11     | Noticed a two-headed ogre
 12396 | D:11     | Killed a two-headed ogre
 12513 | D:11     | Reached skill level 14 in Fighting
 13161 | D:12     | Found a staircase to the Orcish Mines.
 13173 | D:12     | Reached **** piety under the Shining One
 13252 | D:12     | Reached XP level 13. HP: 98/106 MP: 0/0
 13252 | D:12     | Learned a level 5 spell: Irradiate
 13555 | D:12     | Reached skill level 15 in Fighting
 13960 | D:13     | Noticed Frances
 13960 | D:13     | Noticed a centaur warrior
 14047 | Lair:1   | Entered Level 1 of the Lair of Beasts
 14704 | Lair:1   | Reached skill level 16 in Fighting
 15174 | Lair:2   | Noticed a six-headed hydra
 15182 | Lair:2   | Killed a six-headed hydra
 15218 | Lair:2   | Found a hole to the Spider Nest.
 15445 | Lair:2   | Noticed a six-headed hydra
 15449 | Lair:2   | Killed a six-headed hydra
 15620 | Lair:2   | Found a staircase to the Swamp.
 15874 | Lair:3   | Found a gate leading to a gauntlet.
 15887 | Gauntlet | Entered a Gauntlet
 15887 | Gauntlet | Reached ***** piety under the Shining One
 15887 | Gauntlet | Found a transporter.
 15887 | Gauntlet | Found a runed translucent door.
 15887 | Gauntlet | Found a runed translucent door.
 15894 | Gauntlet | Found the ring of the Mage {Wiz Archmagi}
 15895 | Gauntlet | Found a transporter.
 15897 | Gauntlet | Found a transporter.
 15908 | Gauntlet | Found a transporter.
 15911 | Gauntlet | Found a transporter.
 15919 | Gauntlet | Found a transporter.
 15940 | Gauntlet | Found a transporter.
 15948 | Gauntlet | Found a transporter.
 15954 | Gauntlet | Noticed a minotaur
 15961 | Gauntlet | Found a transporter.
 15962 | Gauntlet | Noticed an entropy weaver
 15984 | Gauntlet | Found a transporter.
 15996 | Gauntlet | Found a transporter.
 15996 | Gauntlet | Found a transporter.
 16044 | Gauntlet | Found a transporter.
 16058 | Gauntlet | Found a transporter.
 16216 | Gauntlet | Reached XP level 14. HP: 68/117 MP: 0/0
 16509 | Gauntlet | Identified the ring "Petriz" {rElec rPois rC- rN+ rCorr}
 16527 | Gauntlet | Killed a minotaur
 16561 | Gauntlet | Identified the +7 morningstar of Infection {holy, Str+5
                  | Dex+2}
 17049 | Lair:3   | Found a runed translucent gate.
 17049 | Lair:3   | Found a runed translucent gate.
 17050 | Lair:3   | Found a runed translucent gate.
 17055 | Lair:3   | Noticed a minotaur
 17057 | Lair:3   | Noticed Sitazake's ghost (journeyman TrWr)
 17189 | Lair:3   | Reached skill level 17 in Fighting
 18032 | Lair:4   | Found a dark tunnel.
 18046 | Volcano  | Entered a volcano
 18644 | Lair:4   | Noticed Urug
 18647 | Lair:4   | Killed Urug
 18688 | Lair:4   | Identified the +2 flail "Pyashreoth" {freeze, rC+}
 18887 | Lair:4   | Identified the +4 long sword "Ejityo Neoll" {antimagic,
                  | Stlth+}
 19234 | Lair:5   | Entered Level 5 of the Lair of Beasts
 19251 | Lair:5   | Reached skill level 18 in Fighting
 19309 | Lair:4   | Reached XP level 15. HP: 50/126 MP: 0/0
 19309 | Lair:4   | Learned a level 6 spell: Death Channel
 19583 | Lair:5   | Reached ****** piety under the Shining One
 20131 | Lair:5   | Found a viscous altar of Jiyva.
 20136 | Lair:5   | Found a staircase to the Slime Pits.
 21145 | Lair:5   | Identified the staff of Soft Fortitude {rElec Int+2 Dex+3
                  | Air}
 21627 | Orc:1    | Entered Level 1 of the Orcish Mines
 21628 | Orc:1    | Noticed Nergalle
 21633 | Orc:1    | Killed Nergalle
 22382 | Orc:2    | Entered Level 2 of the Orcish Mines
 22428 | Orc:2    | Found a staircase to the Elven Halls.
 22809 | Orc:2    | Reached skill level 19 in Fighting
 22993 | Orc:1    | Noticed Erolcha
 22996 | Orc:1    | Killed Erolcha
 23604 | Orc:2    | Reached skill level 15 in Spellcasting
 23604 | Orc:2    | Reached skill level 15 in Conjurations
 23604 | Orc:2    | Reached skill level 15 in Hexes
 23604 | Orc:2    | Reached skill level 15 in Summonings
 23604 | Orc:2    | Reached skill level 15 in Necromancy
 23604 | Orc:2    | Reached skill level 15 in Translocations
 23604 | Orc:2    | Reached skill level 15 in Fire Magic
 23604 | Orc:2    | Reached skill level 15 in Ice Magic
 23604 | Orc:2    | Reached skill level 15 in Air Magic
 23604 | Orc:2    | Reached skill level 15 in Earth Magic
 23604 | Orc:2    | Reached skill level 15 in Alchemy
 23890 | Orc:2    | Found Cima's Weapon Emporium.
 23894 | Orc:2    | Found Cetun's Jewellery Boutique.
 23905 | Orc:2    | Found Getaus's Weapon Boutique.
 23907 | Orc:2    | Found Byim's Antique Armour Emporium.
 23916 | Orc:2    | Bought a twisted robe for 171 gold pieces
 23916 | Orc:2    | Identified the +1 robe of Disguise {rF+ Str+3} (You bought
                  | it in a shop on level 2 of the Orcish Mines)
 24538 | D:13     | Reached XP level 16. HP: 127/135 MP: 0/0
 24627 | D:13     | Noticed Kirke
 24641 | D:13     | Killed Kirke
 24815 | D:13     | Killed Frances
 24816 | D:13     | Reached skill level 5 in Dodging
 25172 | D:13     | Found a gate to the Vaults.
 25172 | D:13     | Noticed a fire giant
 25180 | D:13     | Killed a fire giant
 26092 | D:15     | Entered Level 15 of the Dungeon
 26423 | D:15     | Paralysed by an ogre mage for 5 turns
 26684 | D:15     | Shot with a bolt by a yaktaur

Illustrated notes

Levels and vault maps discovered:
D:1:      kennysheep_arrival_forest, layout_basic, serial_shops, shop, shop,
          nicolae_shop_tiny_waterfront, nicolae_shop_statue_plus,
          nicolae_shop_industrial_runoff
D:2:      layout_basic, shapermc_ecumenical_altar_hornbeckon, bh_walls_and_bars
D:3:      layout_basic, uniq_sigmund
D:4:      layout_loops_ring, minitemple, mainiacjoe_overflow_paths,
          nicolae_ossuary_entry_catacombs, minmay_manual_mares, uniq_menkaure
D:5:      layout_cave_pods, minmay_misc_feat_encased
D:6:      layout_loops_ring, minmay_temple_entry_proselytizer, nzn_random_ring,
          uniq_pikel, uniq_jeremiah
D:7:      layout_rooms, yredelemnul_altar_generic,
          gammafunk_ghost_berserking_beasts, minmay_misc_feat_roman,
          grunt_ministairs_14
D:8:      layout_gridville
D:9:      cheibrodos_fzero, layout_long_grid, lemuel_doored_altar
D:10:     layout_irregular_city, lair_entry_dummy, serial_shops,
          nicolae_shop_window_shopping, uniq_erica
D:11:     layout_cave_pools, serial_park_tiny_pond, hangedman_incinerator
D:12:     layout_stronghold, orc_0_dummy
D:13:     layout_roguey, hellmonk_vaults_attempted_burglary, serial_aquarium,
          aquarium_bridge_straight [aquarium_subvault_bridge,
          aquarium_subvault_window, aquarium_subvault_bridge,
          aquarium_subvault_wall], aquarium_window_1, aquarium_window_1,
          aquarium_view_2d, aquarium_view_2c, aquarium_balcony_3a,
          aquarium_pool_1, uniq_kirke, uniq_frances
D:14:     layout_loops_ring, chequers_decorated_corner
D:15:     hangedman_depths_entry_civil_slaughter, layout_cave_pods,
          nicolae_two_hexagons
Temple:   minmay_freezing_vapour_temple
Lair:1:   layout_hall_layers, lemuel_old_faithful, grunt_megastairs_3
Lair:2:   layout_regular_city, nicolae_swamp_entry_splash_gauntlet,
          spider_nest_entry_funnel_web
Lair:3:   layout_loops_ring, maelrawn_ghost_gauntlet_escape,
          gauntlet_entry_generic
Lair:4:   layout_small_grid, nicolae_volcano_entry_batcave, uniq_urug
Lair:5:   minmay_lair_end_enchanted_forest, layout_gridlike,
          minmay_slime_entry_eyes
Orc:1:    layout_diamond_mine, uniq_erolcha, uniq_nergalle
Orc:2:    st_orc_elflike, layout_caves

Skill      XL: |  1  2  3  4  5  6  7  8  9 10 11 12 13 14 15 16 |
---------------+-------------------------------------------------+-----
Spellcasting   | 3 4 5 6 7 9 10 11 12 14 15 | 15.8
Conjurations   | 3 4 5 6 7 9 10 11 12 14 15 | 15.8
Hexes          | 3 4 5 6 7 9 10 11 12 14 15 | 15.8
Summonings     | 3 4 5 6 7 9 10 11 12 14 15 | 15.8
Necromancy     | 3 4 5 6 7 9 10 11 12 14 15 | 15.8
Translocations | 3 4 5 6 7 9 10 11 12 14 15 | 15.8
Fire Magic     | 3 4 5 6 7 9 10 11 12 14 15 | 15.8
Ice Magic      | 3 4 5 6 7 9 10 11 12 14 15 | 15.8
Air Magic      | 3 4 5 6 7 9 10 11 12 14 15 | 15.8
Earth Magic    | 3 4 5 6 7 9 10 11 12 14 15 | 15.8
Alchemy        | 3 4 5 6 7 9 10 11 12 14 15 | 15.8
Fighting       | 4 5 6 7 9 11 13 14 16 18 19 | 19.2
Dodging        | 3 8 |  8.0
Long Blades    | |  1.7
Throwing       | |  0.7
Armour         | |  1.0

Action                     |  1- 3 |  4- 6 |  7- 9 | 10-12 | 13-15 | 16-18 || total
---------------------------+-------+-------+-------+-------+-------+-------++-------
  Melee: Falchion          |    24 |    11 |     2 |     2 |     4 |       ||    43
         Staff             |       |       |       |       |     5 |       ||     5
  Throw: Dart              |     7 |       |       |       |       |       ||     7
   Cast: Foxfire           |    36 |   123 |   305 |   246 |    48 |       ||   758
         Teleport Other    |     1 |       |       |       |       |       ||     1
         Stone Arrow       |       |       |    62 |   264 |   722 |   180 ||  1228
         Searing Ray       |       |       |       |     2 |       |       ||     2
         Irradiate         |       |       |       |       |    13 |     3 ||    16
         Ignite Poison     |       |       |       |       |     1 |     1 ||     2
         Manifold Assault  |       |       |       |       |     1 |       ||     1
         Yara's Violent Un |       |       |       |       |       |     2 ||     2
         Blink             |       |       |       |       |       |     1 ||     1
    Use: Potion            |     2 |       |     1 |       |       |       ||     3
         Scroll            |       |     6 |     2 |     6 |     8 |     5 ||    27
 Armour: Leather armour    |    17 |    16 |    51 |    29 |       |       ||   113
         Troll leather arm |       |       |       |    71 |   309 |    86 ||   466
  Dodge: Dodged            |    18 |    14 |    53 |    55 |   193 |    61 ||   394
  Block: Other             |       |       |     6 |    27 |    77 |    23 ||   133
         Reflection        |       |       |     1 |     3 |     5 |     6 ||    15

Table legend: (Time is in decaauts)
 A = Elapsed time spent in this place.
 B = Non-inter-level travel time spent in this place.
 C = Inter-level travel time spent in this place.
 D = Time resting spent in this place.
 E = Time spent auto-exploring this place.
 F = Levels seen in this place.
 G = Mean time per level.
                   A        B        C        D        E       F      G
               +--------+--------+--------+--------+--------+-----+--------+
         Total |  26724 |  24855 |   1869 |   3078 |  17344 |  26 | 1027.8 |
       Dungeon |  15648 |  14165 |   1483 |   1007 |  10864 |  15 | 1043.2 |
        Temple |     22 |     17 |      5 |      0 |      0 |   1 |   22.0 |
          Lair |   6227 |   5887 |    340 |    996 |   3904 |   5 | 1245.4 |
  Orcish Mines |   2173 |   2133 |     40 |    482 |   1314 |   2 | 1086.5 |
       Ossuary |   1200 |   1200 |      0 |     62 |    797 |   1 | 1200.0 |
       Volcano |    403 |    403 |      0 |      0 |    196 |   1 |  403.0 |
      Gauntlet |   1047 |   1047 |      0 |    531 |    269 |   1 | 1047.0 |
               +--------+--------+--------+--------+--------+-----+--------+

Top non-repeatable levels by time:
     D:6: 1884 daAuts
  Lair:4: 1824 daAuts
     D:4: 1597 daAuts
  Lair:5: 1569 daAuts
   Orc:2: 1386 daAuts
     D:8: 1374 daAuts
 Ossuary: 1200 daAuts
    D:12: 1159 daAuts
  Lair:2: 1129 daAuts
     D:3: 1094 daAuts
Gauntlet: 1047 daAuts
    D:10: 984 daAuts
     D:1: 983 daAuts
     D:2: 941 daAuts
  Lair:3: 932 daAuts
